 Dungeon Crawl Stone Soup version 0.21.1-1-g345015f (webtiles) character file.

63 Flooderbenga the Grave Robber (level 4, -1/48 HPs)
             Began as a Gnoll Necromancer on Apr 25, 2018.
             Slain by a hobgoblin
             ... wielding a +0 club
             ... led by Robin
              (2 damage)
             ... on level 2 of the Dungeon.
             The game lasted 00:09:21 (411 turns).

Flooderbenga the Grave Robber (Gnoll Necromancer)    Turns: 411, Time: 00:09:22

Health: -1/48      AC:  4    Str: 15    XL:     4   Next: 10%
Magic:  4/11       EV: 15    Int: 18    God:
Gold:   18         SH:  0    Dex: 16    Spells: 8/13 levels left

rFire    . . .     SeeInvis .   d - +2 whip (elec)
rCold    . . .     Gourm    .   (no shield)
rNeg     . . .     Faith    .   i - +1 robe {MR+}
rPois    .         Spirit   .   (no helmet)
rElec    .         Reflect  .   g - +0 cloak
rCorr    .         Harm     .   (no gloves)
MR       +....                  (no boots)
Stlth    ..........             (no amulet)
HPRegen  0.16/turn              (no ring)
MPRegen  0.12/turn              (no ring)

@: berserking, very quick
A: distributed training, fangs 1, strong nose
a: no special abilities


You were on level 2 of the Dungeon.
You were not hungry.

You visited 1 branch of the dungeon, and saw 3 of its levels.

You collected 18 gold pieces.

Inventory:

Hand Weapons
 d - a +2 whip of electrocution (weapon)
Armour
 g - a +0 cloak (worn)
 i - a +1 robe of magic resistance (worn)
Scrolls
 f - a scroll of identify {unknown}
 j - a scroll of remove curse {unknown}
Potions
 e - a potion of haste {unknown}
 h - 2 potions of heal wounds {unknown}
Books
 b - a book of Necromancy

   Spells                             Type                      Level
   a - Pain                           Necromancy                   1
   b - Animate Skeleton               Necromancy                   1
   c - Vampiric Draining              Necromancy                   3
   d - Regeneration                   Charms/Necromancy            3
   e - Animate Dead                   Necromancy                   4
   f - Borgnjor's Vile Clutch         Necromancy/Earth             5
Comestibles
 c - 4 rations


   Skills:
 + Level 1.0 Fighting
 + Level 1.0 Short Blades
 + Level 1.0 Long Blades
 + Level 1.0 Axes
 + Level 1.0 Maces & Flails
 + Level 1.0 Polearms
 + Level 1.0 Staves
 + Level 1.0 Slings
 + Level 1.0 Bows
 + Level 1.0 Crossbows
 + Level 1.0 Throwing
 + Level 1.0 Armour
 + Level 4.6 Dodging
 + Level 4.2 Stealth
 + Level 1.0 Shields
 + Level 1.0 Unarmed Combat
 + Level 5.0 Spellcasting
 + Level 0.7 Conjurations
 + Level 0.7 Hexes
 + Level 0.7 Charms
 + Level 0.7 Summonings
 + Level 7.1 Necromancy
 + Level 0.7 Translocations
 + Level 0.7 Transmutations
 + Level 0.7 Fire Magic
 + Level 0.7 Ice Magic
 + Level 0.7 Air Magic
 + Level 0.7 Earth Magic
 + Level 0.7 Poison Magic
 + Level 1.1 Invocations
 + Level 1.0 Evocations


You had 8 spell levels left.
You knew the following spells:

 Your Spells              Type           Power        Failure   Level  Hunger
a - Pain                  Necr           ####         1%          1    None
r - Regeneration          Chrm/Necr      ###.......   8%          3    ##.....
z - Animate Skeleton      Necr           N/A          1%          1    None


Dungeon Overview and Level Annotations

Branches:
Dungeon (3/15)

Altars:

Annotations:
D:2 Robin, Terence


Innate Abilities, Weirdness & Mutations

Your experience applies equally to all skills.
You have very sharp teeth.
Your uncanny sense of smell can sniff out nearby items.


Message History

The hobgoblin barely misses you.
You whack the hobgoblin!
Lightning courses through the hobgoblin!
You kill the hobgoblin!
The goblin wields a hunting sling.
The goblin shoots a stone.
The stone hits you.
* * * LOW HITPOINT WARNING * * *
You take 3 damage, and have 4/48 hp.
You barely miss the hobgoblin. The hobgoblin hits you with a club.
* * * LOW HITPOINT WARNING * * *
The hobgoblin hits you with a club.
* * * LOW HITPOINT WARNING * * *
The goblin shoots a stone.
The stone barely misses you.
The stone closely misses the hobgoblin.
You take 3 damage, and have 1/48 hp.
You whack the hobgoblin!
Lightning courses through the hobgoblin!
You kill the hobgoblin!
The hobgoblin hits you with a club.
You die...

. ######.## ####..
......(..########......
>......................
......!...#####.#.####.
.........g..........@.
....g..#####g#.####.
#####.#)# ..#.#.#
....rgg@# #.#.# #
#....g#)# #.#.# #.###
#.# #.#.###### #.#
#.#......###
#.#####.###.......
#.....g...........
#######.###....... #.#
#.#..... #.###.......


You could see Robin, a hobgoblin, 2 goblins and a rat.

Vanquished Creatures
  Jessica (D:2)
  A worm (D:2)
  3 leopard geckos (D:2)
  2 giant cockroaches (D:2)
  6 goblins
  7 hobgoblins
  2 quokkas (D:2)
  A frilled lizard (D:3)
  2 kobolds
  3 rats
28 creatures vanquished.

Notes
Turn   | Place    | Note
-------+----------+-------------------------------------------
     0 | D:1      | Flooderbenga the Gnoll Necromancer began the quest for the Orb.
     0 | D:1      | Reached XP level 1. HP: 13/13 MP: 6/6
    77 | D:1      | Reached XP level 2. HP: 10/19 MP: 3/7
    86 | D:1      | Learned a level 1 spell: Animate Skeleton
   123 | D:2      | Noticed Jessica
   129 | D:2      | Killed Jessica
   129 | D:2      | Reached skill level 5 in Spellcasting
   129 | D:2      | Reached XP level 3. HP: 2/25 MP: 0/9
   146 | D:2      | Learned a level 3 spell: Regeneration
   193 | D:2      | Reached skill level 1 in Invocations
   346 | D:2      | Reached skill level 1 in Fighting
   346 | D:2      | Reached skill level 1 in Short Blades
   346 | D:2      | Reached skill level 1 in Long Blades
   346 | D:2      | Reached skill level 1 in Axes
   346 | D:2      | Reached skill level 1 in Maces & Flails
   346 | D:2      | Reached skill level 1 in Polearms
   346 | D:2      | Reached skill level 1 in Staves
   346 | D:2      | Reached skill level 1 in Slings
   346 | D:2      | Reached skill level 1 in Bows
   346 | D:2      | Reached skill level 1 in Crossbows
   346 | D:2      | Reached skill level 1 in Throwing
   346 | D:2      | Reached skill level 1 in Armour
   346 | D:2      | Reached skill level 1 in Shields
   346 | D:2      | Reached skill level 1 in Unarmed Combat
   346 | D:2      | Reached skill level 1 in Evocations
   372 | D:2      | Noticed Terence
   400 | D:2      | Noticed Robin
   400 | D:2      | Reached XP level 4. HP: 16/32 MP: 3/11
   410 | D:2      | HP: 1/48 [hobgoblin/club[Robin] (2)]
   411 | D:2      | Slain by a hobgoblin

Skill      XL: |  1  2  3 |
---------------+----------+-----
Spellcasting   | 5 |  5.0
Invocations    | 1 |  1.1
Fighting       | 1 |  1.0
Short Blades   | 1 |  1.0
Long Blades    | 1 |  1.0
Axes           | 1 |  1.0
Maces & Flails | 1 |  1.0
Polearms       | 1 |  1.0
Staves         | 1 |  1.0
Slings         | 1 |  1.0
Bows           | 1 |  1.0
Crossbows      | 1 |  1.0
Throwing       | 1 |  1.0
Armour         | 1 |  1.0
Shields        | 1 |  1.0
Unarmed Combat | 1 |  1.0
Evocations     | 1 |  1.0
Dodging        | |  4.6
Stealth        | |  4.2
Conjurations   | |  0.7
Hexes          | |  0.7
Charms         | |  0.7
Summonings     | |  0.7
Necromancy     | |  7.1
Translocations | |  0.7
Transmutations | |  0.7
Fire Magic     | |  0.7
Ice Magic      | |  0.7
Air Magic      | |  0.7
Earth Magic    | |  0.7
Poison Magic   | |  0.7

Action                   |  1- 3 |  4- 6 || total
-------------------------+-------+-------++-------
Melee: Whip              |    20 |    11 ||    31
       Bite              |     1 |       ||     1
 Cast: Pain              |    36 |       ||    36
       Animate Skeleton  |     1 |       ||     1
       Regeneration      |     1 |       ||     1
  Use: Potion            |     1 |       ||     1
Armor: Robe              |     3 |     1 ||     4
Dodge: Dodged            |    11 |     6 ||    17
